 Dungeon Sprint DCSS version 0.31-a0-364-gb59cdcccf2 (webtiles) character file.

Game seed: 2649217892401654194

1597 Maratek the Grappler (level 8, -1/92 HPs)
             Began as a Troll Berserker on July 27, 2023.
             Was an Elder of Trog.
             Killed from afar by an acid dragon (18 damage)
             ... with a splash of acid
             ... in the Dungeon (Sprint IX: "|||||||||||||||||||||||||||||").
             The game lasted 00:01:24 (444 turns).

Maratek the Grappler (Troll Berserker)               Turns: 444, Time: 00:01:25

Health: -1/92      AC:  4    Str: 28    XL:     8   Next: 62%
Magic:  7/7        EV: 15    Int:  3    God:    Trog [****..]
Gold:   0          SH:  0    Dex: 12    Spells: 7/7 levels left

rFire   . .          .
                       - Unarmed
rCold   . . .        (no shield)
rNeg    . . .        a - +0 animal skin
rPois   .            (helmet restricted)
rElec   .            (no cloak)
rCorr   .            (gloves unavailable)
SInv    .            (boots unavailable)
Will    ++...        (no amulet)
Stlth   +            j - +2 ring of evasion
HPRegen 2.15/turn    k - +3 ring of dexterity
MPRegen 0.10/turn

%: no teleportation
@: strong-willed, on berserk cooldown, regenerating, slowed, very slow
A: large, unfitting armour, claws 3, regeneration 1, shaggy fur 1, tough skin 1
a: Renounce Religion, Berserk, Trog's Hand, Brothers in Arms


You were in the Dungeon.
You worshipped Trog.
Trog was greatly pleased with you.
You visited 1 branch

Inventory:

Armour
 a - a +0 animal skin (worn)
Jewellery
 j - a +2 ring of evasion (left claw)
 k - a +3 ring of dexterity (right claw)
Wands
 i - a wand of iceblast (10)
Scrolls
 g - 2 scrolls of blinking
Potions
 b - 5 potions of curing
 c - 3 potions of heal wounds
 d - a potion of haste
 e - 4 potions of magic
 f - a potion of berserk rage
 h - a potion of invisibility


   Skills:
 + Level 9.2 Fighting
 + Level 8.8 Dodging
 + Level 13.3 Unarmed Combat


You had 7 spell levels left.
You didn't know any spells.
Your spell library was empty.

Dungeon Overview and Level Annotations

Branches:
Dungeon (1/1)

Altars:
Cheibriados
Dithmenos
Elyvilon
Fedhas
Gozag
Hepliaklqana
Kikubaaqudgha
Makhleb
Nemelex Xobeh
Okawaru
Qazlal
Ru
Sif Muna
Trog
Uskayaw
Vehumet
Wu Jian
Xom
Yredelemnul
Zin
The Shining One
Jiyva
Lugonu


Innate Abilities, Weirdness & Mutations

You are too large for most types of armour.
You have claws for hands.
Your natural rate of healing is unusually fast.
You are covered in fur. (AC +1)
You have tough skin. (AC +1)


Message History

You are no longer berserk.
You are exhausted.
You feel yourself slow down.
Your Fighting skill increases to level 8!
Your Dodging skill gained 2 levels and is now at level 8!
Your Unarmed Combat skill gained 3 levels and is now at level 12!
You have reached level 7!
You have reached level 8!
You see here a +0 shortbow.
There is an open door to the Dungeon, spattered with blood here.
Your skin crawls.
You feel strong-willed.
The two-headed ogre completely misses you.
The two-headed ogre closely misses you.
You scratch the two-headed ogre.
The two-headed ogre is lightly wounded.
The two-headed ogre barely misses you. x2
You claw the two-headed ogre!
The two-headed ogre is moderately wounded.
The two-headed ogre misses you.
The two-headed ogre hits you with a +0 giant spiked club!
* * * LOW HITPOINT WARNING * * *
You barely miss the two-headed ogre.
The two-headed ogre is moderately wounded.
The two-headed ogre hits you with a +0 giant club.
* * * LOW HITPOINT WARNING * * *
The two-headed ogre barely misses you.
You mangle the two-headed ogre!!
The two-headed ogre is almost dead.
The two-headed ogre misses you. The two-headed ogre closely misses you.
You mangle the two-headed ogre!!
You kill the two-headed ogre!
Trog accepts your kill.
Your Fighting skill increases to level 9!
Your Unarmed Combat skill increases to level 13!
You mangle the acid dragon!!
The acid dragon is almost dead.
The acid dragon spits acid at you. The splash of acid hits you!!
You die...

▓+▓
▓.▓
▓.▓
▓.▓
▓)▓
▓)▓
▓D▓
▓@▓
▓.▓
▓.▓
▓[▓
▓[▓
▓[▓
▓.▓
▓)▓
▓?▓


You could see an acid dragon (catching breath).

Vanquished Creatures
  2 two-headed ogres (D)
  A yak (D)
  A centaur (D)
  A scorpion (D)
  A gnoll sergeant (D)
  A jelly (D)
  A gnoll bouda (D)
  A sleepcap (D)
  An orc (D)
  An endoplasm (D)
  2 goblins (D)
  A bat (D)
  A frilled lizard (D)
15 creatures vanquished.

Notes
Turn   | Place    | Note
-------+----------+-------------------------------------------
     0 | D        | Maratek the Troll Berserker began the quest for the Orb.
     0 | D        | Reached XP level 1. HP: 22/22 MP: 0/0
    16 | D        | Reached ** piety under Trog
    28 | D        | Noticed a sleepcap
    28 | D        | Noticed a scorpion
    28 | D        | Noticed a jelly
    28 | D        | Noticed a gnoll bouda
    31 | D        | Killed a gnoll bouda
    32 | D        | Reached skill level 4 in Unarmed Combat
    32 | D        | Reached XP level 2. HP: 32/32 MP: 1/1
    32 | D        | Reached XP level 3. HP: 39/39 MP: 2/2
    32 | D        | Reached *** piety under Trog
    35 | D        | Reached skill level 5 in Unarmed Combat
    36 | D        | Killed a scorpion
    37 | D        | Reached skill level 5 in Fighting
    37 | D        | Reached skill level 6 in Unarmed Combat
    37 | D        | Reached XP level 4. HP: 50/50 MP: 3/3
    40 | D        | Reached skill level 5 in Dodging
    40 | D        | Reached skill level 7 in Unarmed Combat
    40 | D        | Reached XP level 5. HP: 57/57 MP: 4/4
   374 | D        | Found a snail-covered altar of Cheibriados.
   374 | D        | Found a shadowy altar of Dithmenos.
   374 | D        | Found a white marble altar of Elyvilon.
   374 | D        | Found a blossoming altar of Fedhas.
   374 | D        | Found an opulent altar of Gozag.
   375 | D        | Found a hazy altar of Hepliaklqana.
   376 | D        | Found a viscous altar of Jiyva.
   377 | D        | Found an ancient bone altar of Kikubaaqudgha.
   378 | D        | Found a corrupted altar of Lugonu.
   379 | D        | Found a burning altar of Makhleb.
   380 | D        | Found a sparkling altar of Nemelex Xobeh.
   381 | D        | Found an iron altar of Okawaru.
   382 | D        | Found a stormy altar of Qazlal.
   383 | D        | Found a sacrificial altar of Ru.
   384 | D        | Found a shimmering blue altar of Sif Muna.
   385 | D        | Found a bloodstained altar of Trog.
   386 | D        | Found a hide-covered altar of Uskayaw.
   387 | D        | Found a radiant altar of Vehumet.
   388 | D        | Found an ornate altar of the Wu Jian Council.
   389 | D        | Found a shimmering altar of Xom.
   390 | D        | Found a basalt altar of Yredelemnul.
   391 | D        | Found a glowing silver altar of Zin.
   392 | D        | Found a glowing golden altar of the Shining One.
   422 | D        | Noticed an acid dragon
   422 | D        | Noticed a two-headed ogre
   422 | D        | Noticed a two-headed ogre
   422 | D        | Noticed a yak
   422 | D        | Noticed a centaur
   425 | D        | Killed a centaur
   426 | D        | Reached skill level 8 in Unarmed Combat
   428 | D        | Reached **** piety under Trog
   429 | D        | Reached XP level 6. HP: 36/68 MP: 5/5
   429 | D        | Killed a yak
   430 | D        | Reached skill level 9 in Unarmed Combat
   435 | D        | Killed a two-headed ogre
   436 | D        | Reached skill level 12 in Unarmed Combat
   436 | D        | Reached XP level 7. HP: 13/81 MP: 6/6
   436 | D        | Reached XP level 8. HP: 15/89 MP: 7/7
   443 | D        | Killed a two-headed ogre
   444 | D        | Reached skill level 13 in Unarmed Combat
   444 | D        | Killed from afar by an acid dragon

Illustrated notes

Levels and vault maps discovered:
D:        linesprint [early_d, line_temple, items_1, d_10, items_2, lair_1,
          lair_end, items_3, orc_1, orc_end, items_4, d_15, swamp_1, shoals_1,
          snake_1, spider_1, d_20, vaults_1, items_5, swamp_end, shoals_end,
          snake_end, spider_end, vaults_end, d_27, items_6, zot_1, zot_end,
          crypt_end, forest_end, elf_end, slime_end, tomb_end, abyss_end,
          pan_hell_end]

Skill      XL: |  1  2  3  4  5  6  7  8 |
---------------+-------------------------+-----
Fighting       | 3 5 6 8 9 |  9.2
Dodging        | 3 4 5 6 8 |  8.8
Unarmed Combat | 4 6 7 8 12 13 | 13.3

Action                     |  1- 3 |  4- 6 |  7- 9 || total
---------------------------+-------+-------+-------++-------
  Melee: Unarmed           |    22 |    12 |     6 ||    40
         Punch             |       |     1 |       ||     1
 Invoke: Berserk           |     1 |     1 |       ||     2
         Trog's Hand       |       |       |     1 ||     1
 Armour: Animal skin       |     6 |     1 |       ||     7
  Dodge: Dodged            |     8 |     8 |     8 ||    24

Table legend: (Time is in decaauts)
 A = Elapsed time spent in this place.
 B = Non-inter-level travel time spent in this place.
 C = Inter-level travel time spent in this place.
 D = Time resting spent in this place.
 E = Time spent auto-exploring this place.
 F = Levels seen in this place.
 G = Mean time per level.
                   A        B        C        D        E       F      G
               +--------+--------+--------+--------+--------+-----+--------+
         Total |    445 |    445 |      0 |    338 |      0 |   1 |  445.0 |
       Dungeon |    445 |    445 |      0 |    338 |      0 |   1 |  445.0 |
               +--------+--------+--------+--------+--------+-----+--------+

Top non-repeatable levels by time:
       D: 445 daAuts
